 Dungeon Crawl Stone Soup version 0.30.0 (webtiles) character file.

Game seed: 9108108029454585354

214 Kepochkin the Sneak (level 5, -4/36 HPs)
             Began as an Octopode Brigand on May 14, 2023.
             Slain by a gnoll
             ... wielding a +0 spear
              (9 damage)
             ... on level 4 of the Dungeon.
             The game lasted 00:16:03 (2060 turns).

Kepochkin the Sneak (Octopode Brigand)              Turns: 2060, Time: 00:16:04

Health: -4/36      AC:  1    Str:  9    XL:     5   Next: 92%
Magic:  5/5        EV: 14    Int: 18    God:
Gold:   144        SH:  0    Dex: 20    Spells: 4/4 levels left

rFire   . . .        g - +2 short sword (drain)
rCold   . . .        (no shield)
rNeg    . . .        (helmet restricted)
rPois   .            (no amulet)
rElec   .            p - +6 ring of dexterity
rCorr   .            (no ring)
SInv    .            (no ring)
Will    .....        (no ring)
Stlth   +++++        (no ring)
HPRegen 0.26/turn    (no ring)
MPRegen 0.09/turn    (no ring)
                     (no ring)

%: clarity
@: no status effects
A: almost no armour, amphibious, 8 rings, camouflage 1, gelatinous body 1,
(nimble swimmer 1), tentacles, antennae 1, clarity, clever 1
a: no special abilities


You were on level 4 of the Dungeon.
You visited 1 branch of the dungeon, and saw 4 of its levels.

You collected 144 gold pieces.

Inventory:

Hand Weapons
 a - a +2 dagger
 f - a +3 sling
 g - a +2 short sword of draining (weapon)
Missiles
 b - 9 poisoned darts (quivered)
 c - 3 curare-tipped darts
 j - 6 boomerangs
Armour
 e - a +0 buckler
 i - +0 shadow dragon scales
Jewellery
 d - a ring of fire
 h - an amulet of faith
 p - a +6 ring of dexterity (left tentacle)
 r - an amulet of faith
Wands
 n - a wand of flame (12)
 t - a wand of mindburst (5)
Scrolls
 o - a scroll of fog
 q - a scroll of summoning {unknown}
Potions
 l - a potion of flight
 m - 3 potions of curing
 s - a potion of might


   Skills:
 * Level 2.9 Fighting
 * Level 3.6 Short Blades
 - Level 2.0 Throwing
 * Level 2.2 Dodging
 + Level 7.3 Stealth


You had 4 spell levels left.
You didn't know any spells.
Your spell library contained the following spells:

 Spells                   Type           Power      Damage    Failure   Level
 Magic Dart               Conj           0%         1d3       22%         1
 Summon Small Mammal      Summ           0%         N/A       22%         1
 Call Imp                 Summ           0%         N/A       32%         2
 Call Canine Familiar     Summ           0%         N/A       54%         3
 Mephitic Cloud           Conj/Pois/Air  0%         N/A       54%         3
 Stone Arrow              Conj/Erth      0%         3d7       54%         3
 Summon Guardian Golem    Hex/Summ       0%         N/A       54%         3
 Lehudib's Crystal Spear  Conj/Erth      0%         10d2      100%        8
 Animate Armour           Summ/Erth      Unusable   N/A       N/A         4

Dungeon Overview and Level Annotations

Branches:
Dungeon (4/15)
 Temple: D:4-7

Altars:


Innate Abilities, Weirdness & Mutations

You cannot wear most types of armour.
You are amphibious.
You can wear up to eight rings at the same time.
Your skin changes colour to match your surroundings (Stealth+).
Your rubbery body absorbs attacks. (AC +1, EV +1)
((You are camouflaged when in or above water. (Stealth+)))
You have tentacles for arms and can constrict up to eight enemies at once.
You have a pair of small antennae on your head.
You possess an exceptional clarity of mind.
Your mind is acute. (Int +4, Str/Dex -1)


Message History

Where to? (Enter - D:3, ? - help)
What level of the Dungeon? (default 1, ? - help)
There is a stone staircase leading down here.
You climb downwards.
The gnoll shouts! x2; You hear a shout!
You hear an angry hiss.
Found three items.
There is a stone staircase leading up here.
There are monsters nearby!
The gnoll misses you.
A ball python comes into view.
A kobold comes into view. It is wielding a +0 dagger.
The gnoll hits you from afar with a +0 spear! x2
The gnoll hits you with a +0 halberd.
You are too injured to fight recklessly!
You are too injured to fight recklessly!
The kobold shouts!
You hit the gnoll but do no damage. You grab the gnoll.
You constrict the gnoll.
You release your grip on the gnoll.
The gnoll barely misses you. The gnoll hits you with a +0 spear.
The gnoll hits you with a +0 halberd.
* * * LOW HITPOINT WARNING * * *
You closely miss the gnoll. You grab the gnoll. You constrict the gnoll.
A ball python comes into view.
The gnoll barely misses you. The gnoll hits you but does no damage.
The gnoll misses you.
You feel much better.
You constrict the gnoll.
The gnoll hits you with a +0 spear! x2; The gnoll closely misses you.
The ball python hisses angrily.
You hit the gnoll.
The gnoll is heavily wounded.
You constrict the gnoll.
An endoplasm comes into view.
The gnoll barely misses you. The gnoll closely misses you.
The gnoll hits you with a +0 halberd!
* * * LOW HITPOINT WARNING * * *
You hit the gnoll. Your grab misses the gnoll.
The gnoll is moderately wounded.
You constrict the gnoll. The gnoll barely misses you.
The gnoll hits you with a +0 spear!
You die...

.J......#.# #
##.......#.#
#.####........?.#
#......S........##.
#..................
#......K...........
......gg........#.#
#...?Sg@...........
...........<......#
........####......#
#.#...... ....... .
#.##... .#.##.. ...
##... ..... . ...
#.## .. ... .. ..#
... ... .$. ...


You could see 3 gnolls, an endoplasm, 2 ball pythons and a kobold.

Vanquished Creatures
  An orc priest (D:2)
  Natasha (twice) (D:2)
  Ijyb (D:3)
  4 adders
  A worm (D:3)
  2 dart slugs
  7 orcs
  4 bats
  5 endoplasms
  A giant cockroach (D:1)
  3 goblins
  9 hobgoblins
  3 quokkas
  4 ball pythons
  3 frilled lizards (D:1)
  6 kobolds
  8 rats
64 creatures vanquished.

Notes
Turn   | Place    | Note
-------+----------+-------------------------------------------
     0 | D:1      | Kepochkin the Octopode Brigand began the quest for the Orb.
     0 | D:1      | Reached XP level 1. HP: 14/14 MP: 1/1
   141 | D:1      | Reached XP level 2. HP: 19/19 MP: 2/2
   293 | D:1      | Reached skill level 6 in Stealth
   354 | D:1      | Reached XP level 3. HP: 21/24 MP: 3/3
   719 | D:2      | Reached XP level 4. HP: 19/30 MP: 4/4
   998 | D:2      | Noticed Natasha
  1004 | D:2      | Killed Natasha
  1005 | D:2      | Reached XP level 5. HP: 28/35 MP: 5/5
  1206 | D:2      | Noticed Natasha
  1220 | D:2      | Killed Natasha
  1221 | D:2      | Reached skill level 7 in Stealth
  1270 | D:2      | Gained mutation: You possess an exceptional clarity of
                  | mind. [potion of mutation]
  1270 | D:2      | Gained mutation: You have a pair of small antennae on your
                  | head. [potion of mutation]
  1270 | D:2      | Gained mutation: Your mind is acute. (Int +4, Str/Dex -1)
                  | [potion of mutation]
  1778 | D:3      | Noticed Ijyb
  1781 | D:3      | Killed Ijyb
  2060 | D:4      | Slain by a gnoll

Illustrated notes

Levels and vault maps discovered:
D:1:      erik_arrival_blinker_ship, layout_rooms, minmay_crystal_water
D:2:      layout_loops_ring, uniq_natasha
D:3:      layout_basic, eino_tiny_chamber, minivault_26, uniq_ijyb
D:4:      layout_rooms, corexii_checkpoint_a, minmay_box_of_dots

Skill      XL: |  1  2  3  4  5 |
---------------+----------------+-----
Stealth        | 6 7 |  7.3
Short Blades   | 3 |  3.6
Dodging        | 2 |  2.2
Fighting       | |  2.9
Throwing       | |  2.0

Action                     |  1- 3 |  4- 6 || total
---------------------------+-------+-------++-------
  Melee: Dagger            |    23 |       ||    23
         Constrict         |     9 |    14 ||    23
         Tentacles         |     8 |     9 ||    17
         Short sword       |    29 |    56 ||    85
         Punch             |     1 |       ||     1
    Use: Scroll            |     3 |     2 ||     5
         Potion            |       |     6 ||     6
   Stab: Sleeping          |     8 |     7 ||    15
         Distracted        |     1 |       ||     1
 Armour: Skin              |     2 |     2 ||     4
  Dodge: Dodged            |    19 |    32 ||    51
